 Dungeon Crawl Stone Soup version 0.27-a0-1154-gfdeffcb720 (webtiles) character file.

Game seed: 5887123135047643115

37 Whiskey the Magician (level 3, -3/27 HPs)
             Began as a Djinni Ice Elementalist on May 14, 2021.
             Slain by a gnoll
             ... wielding a +0 halberd
              (14 damage)
             ... on level 2 of the Dungeon.
             The game lasted 00:05:49 (2135 turns).

Whiskey the Magician (Djinni Ice Elementalist)      Turns: 2135, Time: 00:05:49

Health: -3/27      AC:  9    Str:  8    XL:     3   Next: 60%
Gold:   91         EV: 12    Int: 16    God:
                   SH:  0    Dex: 13

rFire    + + .     SeeInvis .   b - +0 short sword
rCold    x . .     Faith    .   (no shield)
rNeg     . . .     Spirit   .   a - +0 robe
rPois    ∞         Reflect  .   (no helmet)
rElec    .         Harm     .   c - +0 cloak
rCorr    .         Rampage  .   (no gloves)
Will     .....                  (boots unavailable)
Stlth    ++........             (no amulet)
HPRegen  0.09/turn              (no ring)
MPRegen  0.00/turn              (no ring)

@: ice-armoured, freezing walls, flying
A: sickness immunity, fire resistance 2, cold vulnerability 1, float, innate
caster, hp casting, extra vitality 1
a: no special abilities


You were on level 2 of the Dungeon.
You visited 1 branch of the dungeon, and saw 2 of its levels.

You collected 91 gold pieces.

Inventory:

Hand Weapons
 b - a +0 short sword (weapon)
   (You took it off a kobold on level 1 of the Dungeon)
Armour
 a - a +0 robe (worn)
 c - a +0 cloak (worn)
   (You found it on level 1 of the Dungeon)
Scrolls
 e - a scroll of fear {unknown}
 h - a scroll of noise {unknown}
 i - a scroll of identify {unknown}
 j - a scroll of teleportation {unknown}
Potions
 d - a potion of berserk rage {unknown}
 f - a potion of mutation {unknown}
 g - a potion of attraction {unknown}


   Skills:
 + Level 1.1 Fighting
 + Level 2.7 Dodging
 - Level 1.5 Stealth
 * Level 3.7 Spellcasting


You couldn't memorise any spells.
You knew the following spells:

 Your Spells              Type           Power      Damage    Failure   Level
a - Freeze                Ice            56%        1d7       3%          1
b - Frozen Ramparts       Ice            28%        1d4       12%         3
c - Hailstorm             Conj/Ice       14%        3d5       36%         4
d - Metabolic Englaciati  Hex/Ice        7%         N/A       71%         5
e - Animate Skeleton      Necr           28%        N/A       3%          1
A - Ozocubu's Armour      Ice            14%        N/A       12%         3
Your spell library was empty.

Dungeon Overview and Level Annotations

Branches:
Dungeon (2/15)

Altars:

Shops:
D:1 :


Innate Abilities, Weirdness & Mutations

You are immune to sickness and miasma.
You are immune to poison.
Your flesh is very heat resistant. (rF++)
You are vulnerable to cold. (rC-)
You float through the air rather than walking.
You learn spells naturally, not from books.
Your magical power is your life essence.
You have superior vitality. (+4 HP)


Message History

You hit the endoplasm.
The endoplasm hits you but does no damage.
You hit the endoplasm.
You kill the endoplasm!
No target in view!
No target in view!
No target in view!
No target in view!
No target in view!
No target in view!
No target in view!
No target in view!
No target in view!
No target in view!
No target in view!
No target in view!
No target in view!
No target in view!
No target in view!
No target in view!
You see here a +0 pair of boots.
h - a +0 pair of boots
Okay, then.
Drop what? 8/52 slots (_ for help) (? for menu, Esc to quit)
You drop a +0 pair of boots.
Things that are here:
a +0 short sword; a kobold skeleton; a frilled lizard skeleton Health restored: 27
h - a scroll labelled QUC REKINNEDGH
i - a scroll labelled PUDGHO BUOSMEOT A gnoll comes into view.
It is wielding a +0 halberd.
You see here a scroll labelled KILLUEVESA.
j - a scroll labelled KILLUEVESA The gnoll shouts!
You hear a shout!
You see here 13 gold pieces.
You now have 91 gold pieces (gained 13).
The spell is quite dangerous to cast (12% risk of failure)!
Continue anyway?
Okay, then.
You can't see any susceptible monsters within range! (Use Z to cast anyway.)
The spell is quite dangerous to cast (12% risk of failure)!
Continue anyway?
The walls around you are covered in ice.
You take 3 damage, and have 24/27 hp.
You completely miss the gnoll.
The wall freezes the gnoll.
The gnoll hits you with a +0 halberd.
You take 1 damage, and have 23/27 hp.
You hit the gnoll but do no damage.
A dart slug comes into view.
The wall freezes the gnoll.
The gnoll barely misses you.
You barely miss the gnoll.
The wall freezes the gnoll.
The gnoll misses you. The dart slug launches a dart at you.
The slug dart hits you.
You take 3 damage, and have 20/27 hp.
You closely miss the gnoll.
The wall freezes the gnoll.
The gnoll hits you with a +0 halberd!
Ouch! That really hurt!
* * * LOW HITPOINT WARNING * * *
The dart slug launches a dart at you. The slug dart misses you.
You take 13 damage, and have 7/27 hp.
MASSIVE DAMAGE!!
You are too injured to fight recklessly!
You are too injured to fight recklessly!
You are too injured to fight recklessly!
You closely miss the gnoll.
The frozen ramparts melt away.
The gnoll misses you.
Aim: a gnoll, wielding a +0 halberd (heavily wounded)
You freeze the gnoll.
You kill the gnoll!
* * * LOW HITPOINT WARNING * * *
The dart slug launches a dart at you. The slug dart misses you.
You take 1 damage, and have 6/27 hp. 3 gnolls and a gnoll shaman come into view.
Things that are here:
a +0 halberd; a gnoll corpse The gnoll shouts! x2; You hear a shout!
The gnoll shaman shouts!
You hear a shout!
A gnoll comes into view. It is wielding a +0 flail.
You see here a +0 robe.
There is a stone staircase leading up here.
You start resting.
A gnoll is nearby!
You fly upwards.
There is a stone staircase leading down here.
You start resting.
Health restored: 27 You fly downwards.
There is a stone staircase leading up here.
The gnoll closely misses you. The gnoll closely misses you.
There is a stone staircase leading up here.
The spell is quite dangerous to cast (12% risk of failure)!
Continue anyway?
A stone staircase leading up.
The walls around you are covered in ice.
The wall freezes the gnoll.
The gnoll hits you with a +0 halberd!
You take 13 damage, and have 14/27 hp.
MASSIVE DAMAGE!!
The spell is quite dangerous to cast (12% risk of failure)!
Continue anyway?
A film of ice covers your body!
The wall freezes the gnoll.
The gnoll hits you with a +0 halberd!
Ouch! That really hurt!
You die...

### #
#####@########.#
#.....g......#.###
....................+
###...........#.#+###
.....###.####.#.....#
..... .... #.#.....#
.... #.#.##
#.#.....#### ...
.....# #.#........#
###... ..#
#.#........#


You could see a gnoll.

Vanquished Creatures
  A gnoll (D:2)
  6 endoplasms
  A goblin (D:1)
  A hobgoblin (D:1)
  2 jackals (D:1)
  4 kobolds
  A quokka (D:2)
  A ball python (D:1)
  4 bats (D:1)
  2 frilled lizards (D:2)
  2 rats
25 creatures vanquished.

Notes
Turn   | Place    | Note
-------+----------+-------------------------------------------
     0 | D:1      | Whiskey the Djinni Ice Elementalist began the quest for the
                  | Orb.
     0 | D:1      | Reached XP level 1. HP: 15/15 MP: 0/0
   362 | D:1      | Reached XP level 2. HP: 22/22 MP: 0/0
   442 | D:1      | Found Ogoffes's Book Shoppe.
   902 | D:1      | Found a faded altar of an unknown god.
  1557 | D:2      | Reached XP level 3. HP: 26/26 MP: 0/0
  1557 | D:2      | Learned a level 1 spell: Animate Skeleton
  1585 | D:2      | Reached skill level 1 in Fighting
  2135 | D:2      | Slain by a gnoll

Illustrated notes

Levels and vault maps discovered:
D:1:      giann_forest_graveyard, layout_basic, serial_shops, shop,
          chequers_ecumenical_altar_island
D:2:      layout_basic, minmay_pentomino_pile

Skill      XL: |  1  2  3 |
---------------+----------+-----
Fighting       | 1 |  1.1
Dodging        | |  2.7
Stealth        | |  1.5
Spellcasting   | |  3.7

Action                   || total
-------------------------++-------
Melee: Short sword       ||    46
 Cast: Freeze            ||    18
       Frozen Ramparts   ||     2
       Ozocubu's Armour  ||     1
 Stab: Sleeping          ||     2
Armor: Robe              ||    22
Dodge: Dodged            ||    53

Table legend: (Time is in decaauts)
 A = Elapsed time spent in this place.
 B = Non-inter-level travel time spent in this place.
 C = Inter-level travel time spent in this place.
 D = Time resting spent in this place.
 E = Time spent auto-exploring this place.
 F = Levels seen in this place.
 G = Mean time per level.
                   A        B        C        D        E       F      G
               +--------+--------+--------+--------+--------+-----+--------+
         Total |   2139 |   2104 |     35 |    205 |   1648 |   2 | 1069.5 |
       Dungeon |   2139 |   2104 |     35 |    205 |   1648 |   2 | 1069.5 |
               +--------+--------+--------+--------+--------+-----+--------+

Top non-repeatable levels by time:
     D:1: 1742 daAuts
     D:2: 397 daAuts

Table legend:
 A = Kills in this place as a percentage of kills in entire the game.
 B = Kills by you in this place as a percentage of kills by you in the entire game.
 C = Kills by friends in this place as a percentage of kills by friends in the entire game.
 D = Other kills in this place as a percentage of other kills in the entire game.
 E = Experience gained in this place as a percentage of experience gained in the entire game.
 F = Experience gained in this place divided by the number of levels of this place that you have seen.
                   A       B       C       D       E      F
               +-------+-------+-------+-------+-------+----------------------
         Total | 100.0 | 100.0 |   N/A |   N/A | 100.0 |  26.5
       Dungeon | 100.0 | 100.0 |   N/A |   N/A | 100.0 |  26.5
               +-------+-------+-------+-------+-------+----------------------
